PBL
CHESTER PIRATES @ LONDON MAJORS
08/27/2045
 
TOP OF THE 1ST
Chester Pirates batting - Pitching for London Majors : RHP Gil Brady
Pitching: RHP Gil Brady
Batting: RHB Terrence Wilson 0-0: Ball
1-0: Foul Ball, location: 2F
1-1: Ball
2-1: Foul Ball, location: 2F
2-2: Fly out, F8 (Flyball, 8RM, EV 90.0 MPH)
Batting: SHB Don Hauk 0-0: Ball
1-0: Swinging Strike
1-1: Foul Ball, location: 2F
1-2: Ball
2-2: Ground out U3 (Groundball, 3, EV 90.6 MPH)
Batting: LHB Carlos Vega 0-0: Called Strike
0-1: Fly out, F7 (Flyball, 7S, EV 70.6 MPH)
Top of the 1st over - 0 runs, 0 hits, 0 errors, 0 left on base; Chester 0 - London 0
BOTTOM OF THE 1ST
London Majors batting - Pitching for Chester Pirates : RHP Hitoshi Yoshihara
Pitching: RHP Hitoshi Yoshihara
Batting: RHB Stephen Casteel 0-0: Ball
1-0: Ball
2-0: Swinging Strike
2-1: Ball
3-1: Base on Balls
Batting: RHB Dustin Bargman 0-0: Called Strike
0-1: Grounds into double play, 5-4-3 (Groundball, 56D, EV 81.2 MPH)
Batting: RHB Bill Murray 0-0: Ball
1-0: Foul Ball, location: 2F
1-1: Ball
2-1: Ball
3-1: Ground out 6-3 (Groundball, 6, EV 84.4 MPH)
Bottom of the 1st over - 0 runs, 0 hits, 0 errors, 0 left on base; Chester 0 - London 0
TOP OF THE 2ND
Chester Pirates batting - Pitching for London Majors : RHP Gil Brady
Batting: RHB Jeff Edwards 0-0: Ball
1-0: Swinging Strike
1-1: Fly out, F8 (Line Drive, 8LM, EV 89.4 MPH)
Batting: RHB Tim Moore 0-0: Foul Ball, location: 2F
0-1: Ball
1-1: Ball
2-1: Ball
3-1: Fly out, F7 (Line Drive, 7S, EV 94.4 MPH)
Batting: LHB Dustin Herman 0-0: Fly out, F9 (Flyball, 9LS, EV 90.0 MPH)
Top of the 2nd over - 0 runs, 0 hits, 0 errors, 0 left on base; Chester 0 - London 0
BOTTOM OF THE 2ND
London Majors batting - Pitching for Chester Pirates : RHP Hitoshi Yoshihara
Batting: LHB Kurt Estep 0-0: Called Strike
0-1: Called Strike
0-2: SINGLE (Groundball, 4M, EV 106.2 MPH) (infield hit)
Batting: SHB Dominik Hasek II 0-0: Ball
1-0: Ball
2-0: Ball
3-0: Called Strike
3-1: Swinging Strike
3-2: Strikes out looking
Batting: RHB Shunsuke Shiba Inu 0-0: Called Strike
0-1: Ball
1-1: Fly out, F8 (Flyball, 89D, EV 91.9 MPH)
Batting: LHB Eric Toney 0-0: Ball
1-0: Called Strike
1-1: Ball
2-1: Ball
Kurt Estep steals 2nd base (no throw)
3-1: SINGLE (Groundball, 4MD, EV 106.2 MPH)
Kurt Estep to third
Runner from 3rd tries for Home, SAFE, throw by CF to home
Batting: RHB Terry Plumley 0-0: Called Strike
0-1: Called Strike
0-2: Ball
1-2: Foul Ball, location: 2F
1-2: Strikes out swinging
Bottom of the 2nd over - 1 run, 2 hits, 0 errors, 1 left on base; Chester 0 - London 1
TOP OF THE 3RD
Chester Pirates batting - Pitching for London Majors : RHP Gil Brady
Batting: RHB Dan Kurtz 0-0: Foul Ball, location: 2F
0-1: Ball
1-1: Swinging Strike
1-2: Foul Ball, location: 2F
1-2: Fly out, F7 (Line Drive, 7D, EV 93.1 MPH)
Batting: LHB Chad Cutler 0-0: Fly out, F8 (Flyball, 8LD, EV 80.6 MPH)
Batting: RHB Frank Elizondo 0-0: Ball
1-0: Foul Ball, location: 2F
1-1: Foul Ball, location: 2F
1-2: Ball
2-2: Strikes out swinging
Top of the 3rd over - 0 runs, 0 hits, 0 errors, 0 left on base; Chester 0 - London 1
BOTTOM OF THE 3RD
London Majors batting - Pitching for Chester Pirates : RHP Hitoshi Yoshihara
Batting: RHB Mikey Sano 0-0: Ball
1-0: Fly out, F5 (Popup, 56S, EV 74.4 MPH)
Batting: RHB Stephen Casteel 0-0: Ball
1-0: DOUBLE (Flyball, 8RXD, EV 93.8 MPH)
Batting: RHB Dustin Bargman 0-0: Ball
1-0: Ball
2-0: SINGLE (Groundball, 4MS, EV 68.1 MPH) (infield hit)
Stephen Casteel to third
Batting: RHB Bill Murray 0-0: Ball
1-0: Called Strike
Dustin Bargman steals 2nd base
1-1: Ball
2-1: SINGLE (Groundball, 56D, EV 111.2 MPH)
Stephen Casteel scores
Dustin Bargman to third
Runner from 3rd tries for Home, SAFE, throw by LF to home
Batting: LHB Kurt Estep 0-0: Ball
1-0: Fly out, F7 (Flyball, 7D, EV 93.1 MPH)
Batting: SHB Dominik Hasek II 0-0: Called Strike
0-1: Called Strike
Bill Murray is caught stealing 2nd base 2-6
Bottom of the 3rd over - 2 runs, 3 hits, 0 errors, 0 left on base; Chester 0 - London 3
TOP OF THE 4TH
Chester Pirates batting - Pitching for London Majors : RHP Gil Brady
Batting: RHB Terrence Wilson 0-0: Ball
1-0: Called Strike
1-1: Foul Ball, location: 2F
1-2: SOLO HOME RUN (Flyball, 7D, EV 98.1 MPH), Distance : 381 ft
Batting: SHB Don Hauk 0-0: Ball
1-0: Called Strike
1-1: Foul Ball, location: 2F
1-2: Ball
2-2: SINGLE (Groundball, 3S, EV 63.1 MPH) (infield hit)
Batting: LHB Carlos Vega 0-0: Ball
1-0: 2-RUN HOME RUN (Line Drive, 9D, EV 110.0 MPH), Distance : 407 ft
Batting: RHB Jeff Edwards 0-0: Foul Ball, location: 2F
0-1: Ball
1-1: Fly out, F7 (Flyball, 7LM, EV 85.0 MPH)
Batting: RHB Tim Moore 0-0: Ball
1-0: Ball
2-0: Foul Ball, location: 2F
2-1: Ball
3-1: Called Strike
3-2: Foul Ball, location: 2F
3-2: Ground out 5-3 (Groundball, 56S, EV 81.9 MPH)
Batting: LHB Dustin Herman 0-0: Foul Ball, location: 2F
0-1: Ball
1-1: Foul Ball, location: 2F
1-2: Fly out, F5 (Popup, 25F, EV 85.6 MPH)
Top of the 4th over - 3 runs, 3 hits, 0 errors, 0 left on base; Chester 3 - London 3
BOTTOM OF THE 4TH
London Majors batting - Pitching for Chester Pirates : RHP Hitoshi Yoshihara
Batting: SHB Dominik Hasek II 0-0: Ball
1-0: Swinging Strike
1-1: Ground out U3 (Groundball, 3, EV 107.5 MPH)
Batting: RHB Shunsuke Shiba Inu 0-0: Fly out, F4 (Popup, 4M, EV 48.1 MPH)
Batting: LHB Eric Toney 0-0: Ball
1-0: Foul Ball, location: 2F
1-1: Ball
2-1: Foul Ball, location: 2F
2-2: Foul Ball, location: 2F
2-2: Ball
3-2: Foul Ball, location: 2F
3-2: Foul Ball, location: 2F
3-2: Strikes out swinging
Bottom of the 4th over - 0 runs, 0 hits, 0 errors, 0 left on base; Chester 3 - London 3
TOP OF THE 5TH
Chester Pirates batting - Pitching for London Majors : RHP Gil Brady
Batting: RHB Dan Kurtz 0-0: Called Strike
0-1: Ball
1-1: Foul Ball, location: 2F
1-2: Foul Ball, location: 2F
1-2: Ball
2-2: Ball
3-2: SOLO HOME RUN (Flyball, 9D, EV 101.2 MPH), Distance : 394 ft
Batting: LHB Chad Cutler 0-0: Ball
1-0: Called Strike
1-1: SINGLE (Groundball, 4M, EV 94.4 MPH) (infield hit)
Batting: RHB Frank Elizondo 0-0: SINGLE (Line Drive, 56D, EV 105.0 MPH)
Chad Cutler to second
Batting: RHB Terrence Wilson 0-0: Called Strike
Frank Elizondo steals 2nd base
Chad Cutler steals 3rd base
0-1: Ball
1-1: Foul Ball, location: 2F
1-2: Foul Ball, location: 2F
1-2: Foul Ball, location: 2F
1-2: DOUBLE (Flyball, 3D, EV 100.0 MPH)
Chad Cutler scores
Frank Elizondo scores
Pitching: RHP Bradley Carriere
Batting: SHB Don Hauk 0-0: Ball
1-0: Called Strike
1-1: Swinging Strike
1-2: Foul Ball, location: 2F
1-2: Ball
2-2: Ball
3-2: Foul Ball, location: 2F
3-2: Base on Balls
Batting: LHB Carlos Vega 0-0: Swinging Strike
0-1: Ball
1-1: DOUBLE (Flyball, 8LXD, EV 98.1 MPH)
Terrence Wilson scores
Don Hauk to third
Batting: RHB Jeff Edwards 0-0: Ball
1-0: SINGLE (Flyball, 56D, EV 87.5 MPH)
Don Hauk scores
Carlos Vega to third
Batting: RHB Tim Moore 0-0: Ball
1-0: Called Strike
1-1: Foul Ball, location: 2F
1-2: Ball
2-2: Strikes out swinging
Batting: LHB Dustin Herman 0-0: Swinging Strike
0-1: Ball
1-1: Called Strike
1-2: Foul Ball, location: 2F
1-2: Foul Ball, location: 2F
1-2: Grounds into double play, 4-6-3 (Groundball, 3, EV 86.9 MPH)
Top of the 5th over - 5 runs, 6 hits, 0 errors, 1 left on base; Chester 8 - London 3
BOTTOM OF THE 5TH
London Majors batting - Pitching for Chester Pirates : RHP Hitoshi Yoshihara
Batting: RHB Terry Plumley 0-0: Called Strike
0-1: Ball
1-1: Foul Ball, location: 2F
1-2: Strikes out swinging
Batting: RHB Mikey Sano 0-0: Called Strike
0-1: Swinging Strike
0-2: Ball
1-2: Strikes out looking
Batting: RHB Stephen Casteel 0-0: Fly out, F5 (Flyball, 5D, EV 85.0 MPH)
Bottom of the 5th over - 0 runs, 0 hits, 0 errors, 0 left on base; Chester 8 - London 3
TOP OF THE 6TH
Chester Pirates batting - Pitching for London Majors : RHP Bradley Carriere
Batting: RHB Dan Kurtz 0-0: Called Strike
0-1: Foul Ball, location: 2F
0-2: Ball
1-2: Strikes out swinging
Batting: LHB Chad Cutler 0-0: Ball
1-0: Fly out, F8 (Flyball, 8RXD, EV 101.2 MPH)
Batting: RHB Frank Elizondo 0-0: Ball
1-0: Ball
2-0: Called Strike
2-1: Foul Ball, location: 2F
2-2: Foul Ball, location: 2F
2-2: Strikes out swinging
Top of the 6th over - 0 runs, 0 hits, 0 errors, 0 left on base; Chester 8 - London 3
BOTTOM OF THE 6TH
London Majors batting - Pitching for Chester Pirates : RHP Hitoshi Yoshihara
Pitching: RHP Tony Ortiz
Batting: RHB Dustin Bargman 0-0: Swinging Strike
0-1: Foul Ball, location: 2F
0-2: Ball
1-2: Ball
2-2: SINGLE (Groundball, 4S, EV 64.4 MPH) (infield hit)
Batting: RHB Bill Murray 0-0: Called Strike
Dustin Bargman is caught stealing 2nd base 2-4
0-1: Ball
1-1: Foul Ball, location: 2F
1-2: Hit by Pitch
Batting: LHB Kurt Estep 0-0: Called Strike
Bill Murray is caught stealing 2nd base 2-6
0-1: Foul Ball, location: 2F
0-2: Ball
1-2: Foul Ball, location: 2F
1-2: Foul Ball, location: 2F
1-2: Ball
2-2: Foul Ball, location: 2F
2-2: Ball
3-2: Strikes out swinging
Bottom of the 6th over - 0 runs, 1 hit, 0 errors, 0 left on base; Chester 8 - London 3
TOP OF THE 7TH
Chester Pirates batting - Pitching for London Majors : RHP Bradley Carriere
Batting: RHB Terrence Wilson 0-0: Swinging Strike
0-1: Ball
1-1: Called Strike
1-2: Ball
2-2: Strikes out looking
Batting: SHB Don Hauk 0-0: Ball
1-0: SINGLE (Flyball, 34D, EV 86.9 MPH)
Batting: LHB Carlos Vega 0-0: Ball
1-0: Ball
2-0: DOUBLE (Line Drive, 78M, EV 111.9 MPH)
Don Hauk to third
Runner from 3rd tries for Home, throw by LF and OUT! 7-6-2
Batting: RHB Jeff Edwards 0-0: Foul Ball, location: 2F
0-1: Called Strike
0-2: Ball
1-2: Foul Ball, location: 2F
1-2: Fly out, F7 (Flyball, 7LS, EV 95.0 MPH)
Top of the 7th over - 0 runs, 2 hits, 0 errors, 1 left on base; Chester 8 - London 3
BOTTOM OF THE 7TH
London Majors batting - Pitching for Chester Pirates : RHP Tony Ortiz
Batting: SHB Dominik Hasek II 0-0: Swinging Strike
0-1: Foul Ball, location: 2F
0-2: Ground out 6-3 (Groundball, 6M, EV 101.2 MPH)
Batting: RHB Shunsuke Shiba Inu 0-0: Ball
1-0: Ball
2-0: Fly out, F7 (Flyball, 7, EV 91.2 MPH)
Batting: LHB Eric Toney 0-0: Ball
1-0: Swinging Strike
1-1: Foul Ball, location: 2F
1-2: Strikes out swinging
Bottom of the 7th over - 0 runs, 0 hits, 0 errors, 0 left on base; Chester 8 - London 3
TOP OF THE 8TH
Chester Pirates batting - Pitching for London Majors : RHP Bradley Carriere
Batting: RHB Tim Moore 0-0: Called Strike
0-1: Foul Ball, location: 2F
0-2: Ball
1-2: Foul Ball, location: 2F
1-2: Ball
2-2: Foul Ball, location: 2F
2-2: Foul Ball, location: 2F
2-2: Ball
3-2: Strikes out swinging
Pitching: RHP Jordan Wyatt
Batting: LHB Dustin Herman 0-0: Fly out, F7 (Flyball, 7LS, EV 76.9 MPH)
Batting: RHB Dan Kurtz 0-0: Foul Ball, location: 2F
0-1: Ball
1-1: Called Strike
1-2: Strikes out swinging
Top of the 8th over - 0 runs, 0 hits, 0 errors, 0 left on base; Chester 8 - London 3
BOTTOM OF THE 8TH
London Majors batting - Pitching for Chester Pirates : RHP Tony Ortiz
Batting: RHB Terry Plumley 0-0: Swinging Strike
0-1: Ball
1-1: Ball
2-1: Ball
3-1: Called Strike
3-2: Strikes out swinging, 2-3 out at first.
Batting: RHB Mikey Sano 0-0: Ball
1-0: Called Strike
1-1: Ball
2-1: Foul Ball, location: 2F
2-2: Strikes out swinging
Batting: RHB Stephen Casteel 0-0: Ground out U3 (Groundball, 3, EV 104.4 MPH)
Bottom of the 8th over - 0 runs, 0 hits, 0 errors, 0 left on base; Chester 8 - London 3
TOP OF THE 9TH
Chester Pirates batting - Pitching for London Majors : RHP Jordan Wyatt
Batting: LHB Chad Cutler 0-0: Ball
1-0: Foul Ball, location: 2F
1-1: Ball
2-1: Ball
3-1: Foul Ball, location: 2F
3-2: Base on Balls
Batting: RHB Frank Elizondo 0-0: Ball
1-0: Ball
Chad Cutler steals 2nd base
2-0: Called Strike
2-1: Ball
3-1: Base on Balls
Batting: RHB Terrence Wilson 0-0: Ball
1-0: Called Strike
1-1: Sac Bunt to 25 - play at first, batter OUT! 5-3
Chad Cutler to third
Frank Elizondo to second
Batting: SHB Don Hauk 0-0: Ball
1-0: Ball
2-0: Fly out, F6 (Popup, 6MS, EV 80.0 MPH)
Batting: LHB Carlos Vega 0-0: Called Strike
0-1: DOUBLE (Line Drive, 7LM, EV 115.0 MPH)
Chad Cutler scores
Frank Elizondo scores
Pinch Hitting: RHB Melvin Durland 0-0: Called Strike
0-1: Swinging Strike
0-2: Ground out 6-3 (Groundball, 6S, EV 86.2 MPH)
Top of the 9th over - 2 runs, 1 hit, 0 errors, 1 left on base; Chester 10 - London 3
BOTTOM OF THE 9TH
London Majors batting - Pitching for Chester Pirates : RHP Tony Ortiz
Now in LF: Melvin Durland
Batting: RHB Dustin Bargman 0-0: Ground out 4-3 (Groundball, 4, EV 107.5 MPH)
Batting: RHB Bill Murray 0-0: Ball
1-0: Ball
2-0: Foul Ball, location: 2F
2-1: Foul Ball, location: 2F
2-2: SINGLE (Line Drive, 34D, EV 103.8 MPH)
Pitching: LHP Juan Villegas
Batting: LHB Kurt Estep 0-0: Fly out, F8 (Flyball, 8RM, EV 89.4 MPH)
Batting: SHB Dominik Hasek II 0-0: Fielders Choice at 2nd, 6-4 (Groundball, 6, EV 90.0 MPH)
Bottom of the 9th over - 0 runs, 1 hit, 0 errors, 1 left on base; Chester 10 - London 3
Wednesday, June 22nd , 2022 - OOTP Baseball 23.4 Build 64